 Dungeon Crawl Stone Soup version 0.18.1-50-g88ac8fd (webtiles) character file.

1586 nikopol the Skirmisher (level 8, -1/52 HPs)
             Began as a Gargoyle Berserker on Sept 17, 2016.
             Was an Elder of Trog.
             Slain by an orc warrior
             ... wielding a +0 great sword
              (15 damage)
             ... on level 6 of the Dungeon.
             The game lasted 00:15:39 (4211 turns).

nikopol the Skirmisher (Gargoyle Berserker)         Turns: 4211, Time: 00:15:40

Health: -1/52      AC: 19    Str: 20    XL:     8   Next: 92%
Magic:  8/8        EV: 12    Int: 14    God:    Trog [****..]
Gold:   290        SH:  0    Dex: 11    Spells: 0 memorised, 7 levels left

rFire  . . .     SeeInvis .     a - +10 mace of Defence by Offence {crush, rC+ Int+5}
rCold  + . .     Gourm    .     H - +3 ring mail
rNeg   + . .     Faith    .     (no shield)
rPois  ∞         Spirit   .     K - +0 helmet
rElec  +         Dismiss  .     D - +1 cloak {rPois}
rCorr  .         Reflect  .     (no gloves)
SustAt .         Harm     .     y - +0 pair of boots
MR     .....                    l - amulet of inaccuracy (curse)
Stlth  ++........               (no ring)
                                q - ring of stealth

@: not resistant to hostile enchantments, unstealthy
A: negative energy resistance 1, electricity resistance, unbreathing,
petrification resistance, rot immunity, AC +5
a: Berserk, Trog's Hand, Brothers in Arms, Burn Spellbooks, Renounce Religion


You were on level 6 of the Dungeon.
You worshipped Trog.
Trog was greatly pleased with you.
You were very hungry.

You visited 1 branch of the dungeon, and saw 6 of its levels.

You collected 290 gold pieces.

Inventory:

Hand Weapons
 a - the +10 mace of Defence by Offence (weapon) {crush, rC+ Int+5}
   (You found it on level 4 of the Dungeon)

   It inflicts extra damage upon your enemies.
   It affects your intelligence (+5).
   It protects you from cold.
Missiles
 x - 55 bolts
 z - 21 arrows
Armour
 f - a +0 cloak
 y - a +0 pair of boots (worn)
 D - a +1 cloak of poison resistance (worn)
 H - a +3 ring mail (worn)
 K - a +0 helmet (worn)
Jewellery
 l - a cursed amulet of inaccuracy (around neck)
 q - a ring of stealth (left hand)
Wands
 w - a wand of hasting (4/9)
Scrolls
 d - 3 scrolls of fear {unknown}
 e - 2 scrolls of identify
 j - a scroll of immolation {unknown}
 m - a scroll of blinking {unknown}
 o - 2 scrolls of random uselessness {unknown}
 p - 3 scrolls of remove curse {unknown}
 r - 2 scrolls of fog {unknown}
 u - a scroll of enchant armour {unknown}
 A - a scroll of amnesia {unknown}
 B - a scroll of recharging {unknown}
Potions
 h - a potion of might
 i - a potion of haste
 k - a potion of brilliance
 n - 3 potions of curing
 v - a potion of magic
 C - 2 potions of ambrosia
 F - a potion of flight
 J - a potion of heal wounds
Comestibles
 b - 2 meat rations
 c - 4 bread rations
 E - a slice of pizza


   Skills:
 + Level 6.8 Fighting
 + Level 6.3 Maces & Flails
 + Level 6.2 Armour
 + Level 4.7 Dodging


You had 7 spell levels left.
You didn't know any spells.

Dungeon Overview and Level Annotations

Branches:
Dungeon (6/15)             Temple (0/1) D:4

Altars:
Pakellas

Shops:
D:4 %


Innate Abilities, Weirdness & Mutations

You are resistant to torment.
Your stone body is resilient (AC +5).
You are immune to poison.
You resist negative energy.
You are resistant to electric shocks.
You can survive without breathing.
You are immune to petrification.
You are immune to rotting.


Message History

The orc warrior hits you with a great sword!
* * * LOW HITPOINT WARNING * * *
The wight hits you but does no damage.
You are too injured to fight recklessly!
You are too injured to fight recklessly!
You are too injured to fight recklessly!
You are too injured to fight recklessly!
You are too injured to fight recklessly!
You hit the orc warrior.
The orc warrior is almost dead.
You are feeling very hungry.
The orc warrior closely misses you. The wight hits you but does no damage.
You closely miss the orc warrior.
The orc warrior is almost dead.
The wight hits you but does no damage. The orc warrior misses you.
You barely miss the orc warrior.
The orc warrior is almost dead.
The wight hits you but does no damage.
The orc warrior hits you with a great sword!
You die...

####.#######.........
.><...........#######
###.##.####..# #
##.##†## #(.# #
.#####..#...# #..# #
......%....<#
#[.#######
#####..#...#
#..##..... #).#####
#.....#### #)@#
##.#### # #oz# #.# #
....# #.# # ###>##
#.####### #.
#........ #.
######### #. #.


You could see an orc warrior and a wight.

Vanquished Creatures
  The ghost of atarun the Magician, an amateur HEAM of Sif Muna (D:4)
  A hungry ghost (D:4)
  2 orc warriors
  2 ice beasts
  2 ogres
  Blork the orc (D:6)
  2 scorpions
  The ghost of Bubs the Stinger, a weakling NaVM (D:5)
  2 giant frog skeletons (D:5)
  Crazy Yiuf (D:4)
  An orc priest (D:4)
  2 hounds (D:5)
  2 iguanas
  5 orc wizards
  2 worker ants
  6 adders
  2 worms (D:2)
  A giant gecko (D:1)
  12 orcs
  3 giant cockroaches
  4 goblins
  5 hobgoblins
  4 jackals (D:2)
  5 quokkas
  A ball python (D:1)
  2 bats (D:1)
  2 giant newts
  4 kobolds
  6 rats
84 creatures vanquished.

Vanquished Creatures (others)
  A deep elf annihilator (D:4)
1 creature vanquished.

Grand Total: 85 creatures vanquished

Notes
Turn   | Place    | Note
--------------------------------------------------------------
     0 | D:1      | nikopol the Gargoyle Berserker began the quest for the Orb.
     0 | D:1      | Reached XP level 1. HP: 14/14 MP: 1/1
   300 | D:1      | Reached XP level 2. HP: 19/19 MP: 2/2
   849 | D:2      | Reached XP level 3. HP: 18/23 MP: 3/3
   881 | D:2      | Reached ** piety under Trog
  1234 | D:2      | Reached XP level 4. HP: 21/29 MP: 4/4
  2072 | D:4      | Found Lunaxoi's Food Shop.
  2072 | D:4      | Noticed a hungry ghost
  2110 | D:4      | Killed a hungry ghost
  2110 | D:4      | Reached XP level 5. HP: 22/34 MP: 5/5
  2110 | D:4      | Reached XP level 6. HP: 26/39 MP: 6/6
  2825 | D:4      | Noticed Crazy Yiuf
  2834 | D:4      | Killed Crazy Yiuf
  2834 | D:4      | Reached skill level 5 in Fighting
  2834 | D:4      | Reached XP level 7. HP: 41/44 MP: 7/7
  2847 | D:4      | Got a crystal mace
  2851 | D:4      | Got a translucent mace
  2852 | D:4      | Identified the +6 mace of Valour {crush, Int+3} (You found it on level 4 of the Dungeon)
  2853 | D:4      | Identified the +10 mace of Defence by Offence {crush, rC+ Int+5} (You found it on level 4 of the Dungeon)
  2945 | D:4      | Found a staircase to the Ecumenical Temple.
  2977 | D:4      | Reached *** piety under Trog
  3209 | D:4      | Noticed atarun's ghost (amateur HEAM)
  3221 | D:4      | Killed atarun's ghost
  3221 | D:4      | Reached skill level 5 in Maces & Flails
  3302 | D:4      | Found an oddly glowing altar of Pakellas.
  3303 | D:4      | Noticed a deep elf annihilator
  3310 | D:4      | Killed a deep elf annihilator
  3441 | D:5      | Entered Level 5 of the Dungeon
  3469 | D:5      | Reached skill level 5 in Armour
  3502 | D:5      | Reached XP level 8. HP: 22/51 MP: 8/8
  3555 | D:5      | Noticed Bubs's ghost (weakling NaVM)
  3599 | D:5      | Killed Bubs's ghost
  4182 | D:6      | Noticed Blork the orc
  4193 | D:6      | Killed Blork the orc
  4198 | D:6      | Reached **** piety under Trog
  4211 | D:6      | Slain by an orc warrior

Skill      XL: |  1  2  3  4  5  6  7  8 |
---------------+-------------------------+-----
Armour         | 3 4 5 6 |  6.2
Dodging        | 2 3 4 |  4.7
Fighting       | 4 5 6 |  6.8
Maces & Flails | 4 5 6 |  6.3

Action                   |  1- 3 |  4- 6 |  7- 9 || total
-------------------------+-------+-------+-------++-------
Melee: Mace              |   114 |    66 |   137 ||   317
       Morningstar       |       |    73 |       ||    73
Invok: Berserk           |       |       |     2 ||     2
       Burn Spellbooks   |       |       |     2 ||     2
       Trog's Hand       |       |       |     1 ||     1
  Use: Scroll            |       |       |    11 ||    11
 Stab: Sleeping          |       |       |     1 ||     1
  Eat: Chunk             |     1 |     8 |     6 ||    15
       Bread ration      |       |     3 |       ||     3
Armor: Scale mail        |    70 |    77 |    39 ||   186
       Animal skin       |     2 |       |       ||     2
       Ring mail         |       |       |    46 ||    46
Dodge: Dodged            |    75 |    96 |   100 ||   271
